 Dungeon Crawl Stone Soup version 0.27.1-2-g3b301248ec (webtiles) character file.

Game seed: 6376812991053188301

819 Borgoz the Skirmisher (level 7, 0/46 HPs)
             Began as a Gargoyle Berserker on Sept 27, 2021.
             Was a Believer of Trog.
             Slain by Duvessa (4 damage)
             ... on level 6 of the Dungeon.
             The game lasted 00:04:04 (5427 turns).

Borgoz the Skirmisher (Gargoyle Berserker)          Turns: 5427, Time: 00:04:05

Health: 0/46       AC: 14    Str: 22    XL:     7   Next: 95%
Magic:  7/7        EV:  8    Int:  7    God:    Trog [**....]
Gold:   160        SH:  0    Dex: 10    Spells: 6/6 levels left

rFire    . . .     SeeInvis .   a - +0 falchion
rCold    . . .     Faith    .   (no shield)
rNeg     + . .     Spirit   .   d - +0 chain mail
rPois    ∞         Reflect  .   (no helmet)
rElec    +         Harm     .   (no cloak)
rCorr    .         Rampage  .   (no gloves)
Will     .....                  (no boots)
Stlth    ..........             (no amulet)
HPRegen  0.15/turn              (no ring)
MPRegen  0.10/turn              (no ring)

@: on berserk cooldown, slowed, very slow
A: sickness immunity, AC +4, negative energy resistance 1, electricity
resistance, torment resistance 1, petrification resistance
a: Renounce Religion, Berserk, Trog's Hand


You were on level 6 of the Dungeon.
You worshipped Trog.
Trog was pleased with you.
You visited 1 branch of the dungeon, and saw 6 of its levels.

You collected 160 gold pieces.

Inventory:

Hand Weapons
 a - a +0 falchion (weapon)
Armour
 d - a +0 chain mail (worn)
Jewellery
 k - a +6 ring of dexterity
 m - a +6 ring of intelligence
Scrolls
 b - 2 scrolls of summoning {unknown}
 c - 2 scrolls of magic mapping {unknown}
 h - a scroll of teleportation {unknown}
 l - a scroll of amnesia {unknown}
 n - a scroll of blinking {unknown}
Potions
 e - 2 potions of curing
 f - a potion of haste
 g - a potion of ambrosia {unknown}
 i - a potion of heal wounds {unknown}
 j - 2 potions of might {unknown}
 o - a potion of magic {unknown}
 p - a potion of cancellation {unknown}


   Skills:
 * Level 6.1 Fighting
 * Level 5.0 Long Blades
 * Level 5.3 Armour
 + Level 3.0 Dodging


You had 6 spell levels left.
You didn't know any spells.
Your spell library was empty.

Dungeon Overview and Level Annotations

Branches:
Dungeon (6/15)             Temple (0/1) D:5

Altars:
Hepliaklqana

Annotations:
D:6 Dowan, Duvessa


Innate Abilities, Weirdness & Mutations

You are immune to sickness and miasma.
Your stone body is resilient. (AC +4)
You are immune to poison.
You resist negative energy. (rN+)
You are resistant to electric shocks. (rElec)
You are resistant to unholy torment.
You are immune to petrification.


Message History

The gnoll barely misses you.
You slash the gnoll!
You kill the gnoll!
Trog accepts your kill. The gnoll hits you but does no damage.
Your Long Blades skill increases to level 5!
You barely miss Duvessa.
Your skin stops crawling.
You feel less strong-willed. Duvessa hits you but does no damage.
You hit Duvessa.
Duvessa is lightly wounded.
The gnoll barely misses you.
You slash Duvessa!
Duvessa is moderately wounded.
Duvessa hits you but does no damage.
The gnoll hits you from afar with a +0 spear!
* * * LOW HITPOINT WARNING * * *
You closely miss Duvessa.
Duvessa is moderately wounded.
Duvessa barely misses you.
You riposte.
You hit Duvessa.
Duvessa is heavily wounded.
You slash Duvessa!
Duvessa is almost dead.
The gnoll barely misses you.
You hit Duvessa but do no damage.
Duvessa is almost dead.
Duvessa drinks a potion.
Duvessa is healed!
The gnoll hits you from afar with a +0 spear.
* * * LOW HITPOINT WARNING * * *
You slash Duvessa!
Duvessa is severely wounded.
Duvessa hits you with a +0 short sword.
* * * LOW HITPOINT WARNING * * *
The gnoll barely misses you.
You completely miss Duvessa.
Duvessa is severely wounded.
You are no longer berserk.
You are exhausted.
You feel yourself slow down. Duvessa hits you with a +0 short sword.
You die...

. .$ .. .#
####.# #....#
.##
#.#########...
#@##..........
#e##..(......#
#g.#..........
##Z..........#
##<.........#
##.....(....
#....g.....
#.........<
###........


You could see Duvessa, a gnoll and a wyvern skeleton.

Vanquished Creatures
  Menkaure (D:5)
  An ogre (D:5)
  A centaur (D:6)
  2 scorpions (D:4)
  A howler monkey (D:4)
  3 hounds
  3 orc priests (D:5)
  An orc wizard (D:5)
  Terence (D:3)
  6 gnolls
  5 adders
  An adder skeleton (D:4)
  A worm (D:2)
  2 orcs (D:5)
  5 endoplasms
  4 giant cockroaches
  4 goblins
  4 hobgoblins
  5 jackals (D:2)
  4 kobolds
  2 quokkas (D:1)
  3 ball pythons
  3 bats
  4 frilled lizards
  A quokka skeleton (D:4)
  7 rats
75 creatures vanquished.

Notes
Turn   | Place    | Note
-------+----------+-------------------------------------------
     0 | D:1      | Borgoz the Gargoyle Berserker began the quest for the Orb.
     0 | D:1      | Reached XP level 1. HP: 14/14 MP: 1/1
   260 | D:1      | Reached XP level 2. HP: 19/19 MP: 2/2
  1133 | D:2      | Reached XP level 3. HP: 15/24 MP: 3/3
  1859 | D:2      | Reached ** piety under Trog
  2091 | D:2      | Reached XP level 4. HP: 29/29 MP: 4/4
  2255 | D:3      | Reached skill level 4 in Fighting
  2555 | D:3      | Noticed Terence
  2560 | D:3      | Killed Terence
  2758 | D:3      | Found a faded altar of an unknown god.
  3335 | D:4      | Found a hazy altar of Hepliaklqana.
  3337 | D:4      | Noticed a scorpion
  3347 | D:4      | Killed a scorpion
  3348 | D:4      | Reached XP level 5. HP: 34/34 MP: 5/5
  3615 | D:4      | Reached XP level 6. HP: 19/39 MP: 6/6
  4496 | D:4      | Reached skill level 5 in Fighting
  4867 | D:5      | Entered Level 5 of the Dungeon
  4922 | D:5      | Noticed a yak
  4922 | D:5      | Noticed a yak
  4923 | D:5      | Noticed a yak
  4923 | D:5      | Noticed a yak
  4974 | D:5      | Noticed Menkaure
  4991 | D:5      | Killed Menkaure
  4992 | D:5      | Reached XP level 7. HP: 41/44 MP: 7/7
  5116 | D:5      | Found a staircase to the Ecumenical Temple.
  5137 | D:5      | Reached skill level 5 in Armour
  5381 | D:6      | Noticed Duvessa
  5397 | D:6      | Noticed Dowan
  5407 | D:6      | Reached skill level 6 in Fighting
  5420 | D:6      | Reached skill level 5 in Long Blades
  5427 | D:6      | Slain by Duvessa

Illustrated notes

Levels and vault maps discovered:
D:1:      dpeg_arrival_long_road, layout_basic
D:2:      layout_basic, minmay_misc_feat_secret_circle,
          chequers_serial_rivers_room_b
D:3:      layout_basic, ebering_ecumenical_altar_hall, uniq_terence
D:4:      layout_layer_cave, overflow_temple_1_default
D:5:      layout_basic, minmay_temple_entry_offerings, uniq_menkaure
D:6:      layout_rooms, uniq_duvessa, uniq_crazy_yiuf_cottage

Skill      XL: |  1  2  3  4  5  6  7 |
---------------+----------------------+-----
Long Blades    | 3 4 5 |  5.0
Armour         | 3 4 5 |  5.3
Fighting       | 4 5 6 |  6.1
Dodging        | 2 3 |  3.0

Action                   |  1- 3 |  4- 6 |  7- 9 || total
-------------------------+-------+-------+-------++-------
Melee: Falchion          |    94 |   155 |    65 ||   314
Invok: Berserk           |     3 |     7 |     2 ||    12
       Trog's Hand       |       |       |     1 ||     1
  Use: Scroll            |       |     3 |       ||     3
       Potion            |       |       |     2 ||     2
Armor: Animal skin       |    18 |       |       ||    18
       Chain mail        |    40 |   100 |    54 ||   194
Dodge: Dodged            |    47 |    67 |    36 ||   150
       Rpst.: Falchion   |    14 |    13 |     8 ||    35
